 Dungeon Crawl Stone Soup version 0.22-a0-271-gc000056a37 (webtiles) character file.

96 RedPan the Insei (level 4, -5/35 HPs)
             Began as a Demonspawn Monk on Mar 10, 2018.
             Killed by divine providence
             ... invoked by an orc priest
              (13 damage)
             ... on level 3 of the Dungeon.
             The game lasted 00:03:13 (2146 turns).

RedPan the Insei (Demonspawn Monk)                  Turns: 2146, Time: 00:03:13

Health: -5/35      AC:  9    Str: 12    XL:     4   Next: 41%
Magic:  4/4        EV: 13    Int: 11    God:
Gold:   40         SH:  0    Dex: 16    Spells: 3/3 levels left

rFire    . . .     SeeInvis .     - Unarmed
rCold    . . .     Gourm    .   (no shield)
rNeg     . . .     Faith    .   h - +0 leather armour
rPois    .         Spirit   .   (no helmet)
rElec    .         Reflect  .   (no cloak)
rCorr    .         Harm     .   d - +2 pair of gloves
MR       .....                  (no boots)
Stlth    +++.......             (no amulet)
HPRegen  0.11/turn              (no ring)
MPRegen  0.09/turn              (no ring)

@: no status effects
A: icy blue scales 2, nightstalker 1
a: no special abilities


You were on level 3 of the Dungeon.
You were not hungry.

You visited 1 branch of the dungeon, and saw 3 of its levels.

You collected 40 gold pieces.

Inventory:

Armour
 d - a +2 pair of gloves (worn)
 h - a +0 leather armour (worn)
Potions
 c - a potion of resistance {unknown}
 f - a potion of magic {unknown}
 g - a potion of flight {unknown}
Comestibles
 b - 4 rations


   Skills:
 - Level 3.0 Fighting
 + Level 3.5 Dodging
 - Level 1.7 Stealth
 * Level 4.2 Unarmed Combat


You had 3 spell levels left.
You didn't know any spells.

Dungeon Overview and Level Annotations

Branches:
Dungeon (3/15)

Altars:


Innate Abilities, Weirdness & Mutations

You are mostly covered in icy blue scales. (AC +3)
You are slightly more attuned to the shadows.


Message History

The orc priest barely misses you. The orc barely misses you.
You hit the orc priest.
The orc priest is almost dead.
The orc priest barely misses you. The orc hits you but does no damage.
You barely miss the orc priest.
The orc priest is almost dead.
The orc priest mumbles some strange prayers to Beogh against you.
Pain shoots through your body!
* * * LOW HITPOINT WARNING * * *
The orc hits you but does no damage.
You closely miss the orc priest.
The orc priest is almost dead.
The orc priest hits you with a dagger.
* * * LOW HITPOINT WARNING * * *
The orc barely misses you.
You closely miss the orc priest.
The orc priest is almost dead.
The orc priest mumbles some strange prayers to Beogh against you.
Beogh smites you!
You die...

# .# ### ######.###
##.#######........
#.......##.##...
###.####.#...#.#
#...........ooo# ....
#.#.######..@#.# .... #=#>#
##.##o.o o..## #####.#.###
#.# #####.##!.. ...>......###
#.# #.##..# .####.#.....###.#
#.##o.# <# #.##........#
#.##..# .# #.##.##.##..#
#.##..# .# #.##.##.##..#
#.##..##### .#
#...........#######..........


You could see an orc priest and 2 orcs.

Vanquished Creatures
  2 adders
  2 oozes
  3 dart slugs
  2 leopard geckos
  3 orcs (D:3)
  7 giant cockroaches
  8 goblins
  5 hobgoblins
  2 quokkas (D:2)
  4 ball pythons
  5 bats
  6 frilled lizards
  3 kobolds
  4 rats (D:1)
56 creatures vanquished.

Notes
Turn   | Place    | Note
-------+----------+-------------------------------------------
     0 | D:1      | RedPan the Demonspawn Monk began the quest for the Orb.
     0 | D:1      | Reached XP level 1. HP: 18/18 MP: 1/1
   124 | D:1      | Reached skill level 3 in Unarmed Combat
   262 | D:1      | Gained mutation: You are partially covered in icy blue scales. (AC +2) [demonic ancestry]
   262 | D:1      | Reached XP level 2. HP: 23/24 MP: 2/2
   752 | D:1      | Gained mutation: You are mostly covered in icy blue scales. (AC +3) [demonic ancestry]
   752 | D:1      | Reached XP level 3. HP: 29/29 MP: 3/3
  1398 | D:2      | Reached skill level 4 in Unarmed Combat
  1398 | D:2      | Gained mutation: You are slightly more attuned to the shadows. [demonic ancestry]
  1398 | D:2      | Reached XP level 4. HP: 20/35 MP: 4/4
  2146 | D:3      | Killed from afar by an orc priest

Vault maps used:
D:1:      dpeg_arrival_snail, hangedman_abyss_or_decor_stabs

Skill      XL: |  1  2  3 |
---------------+----------+-----
Unarmed Combat | 3 4 |  4.2
Dodging        | 3 |  3.5
Fighting       | |  3.0
Stealth        | |  1.7

Action                   |  1- 3 |  4- 6 || total
-------------------------+-------+-------++-------
Melee: Unarmed           |   151 |    68 ||   219
       Punch             |     2 |       ||     2
  Use: Scroll            |       |     4 ||     4
 Stab: Sleeping          |     3 |     3 ||     6
  Eat: Chunk             |     1 |     1 ||     2
       Ration            |       |     1 ||     1
Armor: Robe              |    38 |     3 ||    41
       Leather armour    |       |    19 ||    19
Dodge: Dodged            |    96 |    64 ||   160

Table legend:
 A = Spawn XP
 B = Non-spawn XP
 C = Spawn XP percentage of total XP
 D = Spawn monster count
 E = Non-spawn monster count
 F = Spawn count percentage of total count
 G = Total turns spent on level
                    A         B        C        D         E        F      G
               +---------+---------+-------+---------+---------+-------+---------
         Total |       0 |     138 |   0.0 |       0 |      56 |   0.0 |  2146
               +---------+---------+-------+---------+---------+-------+---------
           D:1 |       0 |      47 |   0.0 |       0 |      26 |   0.0 |   881
           D:2 |       0 |      62 |   0.0 |       0 |      23 |   0.0 |  1082
           D:3 |       0 |      29 |   0.0 |       0 |       7 |   0.0 |   183
               +---------+---------+-------+---------+---------+-------+---------
